 Dungeon Crawl Stone Soup version 0.27.1-33-g824d729ab1 (webtiles) character file.

Game seed: 9087190525998243641

1029 MisterFreud the Destroyer (level 8, -4/52 HPs)
             Began as a Mummy Conjurer on Dec 12, 2021.
             Was a Priest of Fedhas.
             Slain by an orc warrior (12 damage)
             ... on level 6 of the Dungeon.
             The game lasted 00:09:53 (4632 turns).

MisterFreud the Destroyer (Mummy Conjurer)          Turns: 4632, Time: 00:09:54

Health: -4/52      AC: 10    Str: 10    XL:     8   Next: 3%
Magic:  6/15       EV: 12    Int: 19    God:    Fedhas [***...]
Gold:   226        SH:  0    Dex: 11    Spells: 14/17 levels left

rFire    x . .     SeeInvis .   f - +1 short sword (speed)
rCold    + + .     Faith    .   (no shield)
rNeg     + + +     Spirit   .   j - +2 robe {rC+}
rPois    ∞         Reflect  .   e - +0 helmet
rElec    .         Harm     .   (no cloak)
rCorr    .         Rampage  .   g - +0 pair of gloves
Will     +....                  (no boots)
Stlth    ++........             (no amulet)
HPRegen  0.17/turn              d - +4 ring of protection
MPRegen  0.14/turn              (no ring)

@: no status effects
A: cold resistance 1, negative energy resistance 3, torment resistance 2, heat
vulnerability 1, no potions
a: Renounce Religion, Wall of Briars, Grow Ballistomycete


You were on level 6 of the Dungeon.
You worshipped Fedhas.
Fedhas was most pleased with you.
You visited 1 branch of the dungeon, and saw 6 of its levels.

You collected 226 gold pieces.

Inventory:

Hand Weapons
 c - a +0 dagger
 f - a +1 short sword of speed (weapon)
 i - a +2 vampiric dagger
Missiles
 a - 32 poisoned darts
Armour
 e - a +0 helmet (worn)
 g - a +0 pair of gloves (worn)
 j - a +2 robe of cold resistance (worn)
Jewellery
 d - a +4 ring of protection (left hand)
Scrolls
 b - 4 scrolls of identify
 h - 2 scrolls of vulnerability {unknown}
 k - a scroll of fear {unknown}
 l - a scroll of noise {unknown}
 m - a scroll of fog {unknown}
 n - a scroll of teleportation
 o - a scroll of magic mapping {unknown}


   Skills:
 - Level 1.5 Dodging
 - Level 1.5 Stealth
 + Level 5.1 Spellcasting
 - Level 8.0 Conjurations


You had 14 spell levels left.
You knew the following spells:

 Your Spells              Type           Power      Damage    Failure   Level
a - Magic Dart            Conj           100%       1d8       1%          1
b - Searing Ray           Conj           70%        3d5       1%          2

Your spell library contained the following spells:

 Spells                   Type           Power      Damage    Failure   Level
 Dazzling Flash           Conj/Hex       40%        N/A       7%          3
 Fulminant Prism          Conj/Hex       10%        3d9       24%         4
 Iskenderun's Mystic Bla  Conj/Tloc      20%        2d6       24%         4


Dungeon Overview and Level Annotations

Branches:
Dungeon (6/15)
 Temple: D:4-7

Altars:
Fedhas
Nemelex Xobeh
Trog
Vehumet
Wu Jian
Xom

Annotations:
D:5 Edmund


Innate Abilities, Weirdness & Mutations

You are immune to poison.
Your flesh is cold resistant. (rC+)
You are immune to negative energy. (rN+++)
You are immune to unholy pain and torment.
You are vulnerable to heat. (rF-)
You do not drink.


Message History

The orc warrior closely misses you.
The searing ray hits the orc warrior.
The orc warrior is moderately wounded.
The orc warrior barely misses you.
The searing ray hits the orc warrior!
The orc warrior is heavily wounded.
The searing ray hits the orc.
The orc is severely wounded.
The orc warrior hits you with a +0 flail!
The searing ray misses the orc warrior.
The searing ray hits the orc!
You kill the orc!
Fedhas appreciates your contribution to the ecosystem.
You finish channeling your searing ray.
The orc warrior hits you with a +0 flail!
Casting: Searing Ray (safe; 1% risk of failure)
Confirm with . or Enter, or press ? or * to list all spells.
Aiming: Searing Ray (safe; 1% risk of failure)
Press: ? - help, Shift-Dir - straight line, f/p - orc warrior
Aim: an orc warrior, wielding a +0 flail and wearing a +0 chain mail (heavily wounded, 78% to hit)
The searing ray hits the orc warrior.
The orc warrior is heavily wounded.
The searing ray hits the orc!
You kill the orc!
Fedhas appreciates your contribution to the ecosystem. (Press . to maintain the ray.)
The orc warrior hits you with a +0 flail!
The searing ray hits the orc warrior but does no damage.
The orc warrior is heavily wounded.
The orc warrior hits you with a +0 flail!
* * * LOW HITPOINT WARNING * * *
The searing ray hits the orc warrior!
The orc warrior is severely wounded.
The orc warrior hits you with a +0 flail.
* * * LOW HITPOINT WARNING * * *
The searing ray hits the orc warrior.
The orc warrior is almost dead.
You finish channeling your searing ray.
The orc warrior hits you with a +0 flail!
You die...
Fedhas appreciates your contribution to the ecosystem.

#.[#...........≈≈≈≈≈#.#
#....#.#########≈≈≈≈≈.#
#.#..#.# #≈≈≈≈≈.#
#......##### ##≈≈≈≈.#
###........# #≈≈≈≈≈#
#..#####.# ####≈≈≈≈≈#
#..#####.###.###≈≈≈≈
#<....##....>...≈≈≈≈
##.##....###@###≈≈≈≈
#.......# #o# ≈≈
#.......###)#
#######<...)# ##...##
#...# #...# #...# #...#


You could see an orc warrior.

Vanquished Creatures
  An ice beast (D:5)
  An ogre (D:5)
  A phantom (D:5)
  A water moccasin zombie (D:5)
  2 scorpions
  A wyvern skeleton (D:5)
  A hound (D:5)
  2 jellies (D:5)
  An orc priest (D:5)
  A bullfrog skeleton (D:4)
  4 iguanas
  3 orc wizards
  3 gnolls (D:4)
  A howler monkey skeleton (D:5)
  8 adders
  A shadow imp (D:5)
  An ufetubus (D:5)
  An adder skeleton (D:4)
  3 worms
  A dart slug (D:3)
  11 orcs
  6 endoplasms
  3 giant cockroaches
  10 goblins
  2 hobgoblins (D:1)
  5 quokkas
  6 ball pythons
  2 bats
  8 frilled lizards
  8 kobolds
  7 rats
106 creatures vanquished.

Notes
Turn   | Place    | Note
-------+----------+-------------------------------------------
     0 | D:1      | MisterFreud the Mummy Conjurer began the quest for the Orb.
     0 | D:1      | Reached XP level 1. HP: 13/13 MP: 4/4
   293 | D:1      | Reached XP level 2. HP: 19/19 MP: 4/6
   357 | D:1      | Found a faded altar of an unknown god.
   368 | D:1      | Became a worshipper of Fedhas Madash
   368 | D:1      | Reached * piety under Fedhas
   536 | D:1      | Learned a level 2 spell: Searing Ray
   838 | D:1      | Reached XP level 3. HP: 24/24 MP: 3/7
  1111 | D:2      | Reached ** piety under Fedhas
  1112 | D:2      | Reached skill level 4 in Conjurations
  1411 | D:2      | Reached XP level 4. HP: 30/30 MP: 2/10
  2366 | D:3      | You fall into a shaft and drop 2 floors!
  2366 | D:5      | Entered Level 5 of the Dungeon
  2377 | D:5      | Reached XP level 5. HP: 28/35 MP: 8/11
  2458 | D:5      | Reached skill level 5 in Conjurations
  2503 | D:5      | Noticed an ogre
  2710 | D:4      | Reached *** piety under Fedhas
  2865 | D:4      | Reached XP level 6. HP: 35/41 MP: 6/12
  2937 | D:4      | Found a blossoming altar of Fedhas.
  2938 | D:4      | Found a shimmering altar of Xom.
  2976 | D:4      | Found a sparkling altar of Nemelex Xobeh.
  2976 | D:4      | Found a bloodstained altar of Trog.
  2996 | D:4      | Reached skill level 6 in Conjurations
  3083 | D:4      | Found an ornate altar of the Wu Jian Council.
  3083 | D:4      | Found a radiant altar of Vehumet.
  3594 | D:5      | Reached XP level 7. HP: 46/46 MP: 10/13
  3739 | D:5      | Reached skill level 7 in Conjurations
  4123 | D:5      | Reached skill level 8 in Conjurations
  4198 | D:5      | Reached XP level 8. HP: 47/52 MP: 10/15
  4288 | D:5      | Noticed Edmund
  4549 | D:6      | Reached skill level 5 in Spellcasting
  4632 | D:6      | Slain by an orc warrior

Illustrated notes

Levels and vault maps discovered:
D:1:      grunt_arrival_lava_bath, layout_rooms, basic_ecumenical_altar,
          minmay_misc_feat_iff, minivault_19
D:2:      layout_rooms, chequers_garden, minmay_misc_feat_encased
D:3:      layout_basic
D:4:      layout_basic, grunt_temple_overflow_open,
          gammafunk_temple_overflow_elements, dk_noncrumbling_3
D:5:      layout_loops_cross, portal_sewer_entry_a, hangedman_minor_gate_pass,
          uniq_edmund
D:6:      wander_river, layout_loops_cross, nicolae_wooded_promenade,
          kennysheep_small_square

Skill      XL: |  1  2  3  4  5  6  7  8 |
---------------+-------------------------+-----
Spellcasting   | 3 4 5 |  5.1
Conjurations   | 4 5 6 8 |  8.0
Dodging        | |  1.5
Stealth        | |  1.5

Action                   |  1- 3 |  4- 6 |  7- 9 || total
-------------------------+-------+-------+-------++-------
Melee: Unarmed           |     7 |       |       ||     7
       Short sword       |     1 |    39 |    20 ||    60
 Cast: Magic Dart        |    78 |    33 |       ||   111
       Searing Ray       |     2 |    17 |    17 ||    36
  Use: Scroll            |       |       |     2 ||     2
 Stab: Sleeping          |       |     1 |     2 ||     3
Armor: Robe              |     4 |    23 |    18 ||    45
Dodge: Dodged            |    10 |    42 |    28 ||    80
